 Dungeon Crawl Stone Soup version 0.25.1-2-g60ff931df9 (webtiles) character file.

Game seed: 2086302284850636375

434 Johnny the Digger (level 6, -2/45 HPs)
             Began as a Demigod Earth Elementalist on Oct 4, 2020.
             Slain by an orc (3 damage)
             ... on level 5 of the Dungeon.
             The game lasted 00:04:23 (4998 turns).

Johnny the Digger (Demigod Earth Elementalist)      Turns: 4998, Time: 00:04:23

Health: -2/45      AC:  8    Str: 11    XL:     6   Next: 40%
Magic:  11/14      EV: 13    Int: 23    God:
Gold:   248        SH:  0    Dex: 22    Spells: 8/12 levels left

rFire    . . .     SeeInvis .   t - +4 quarterstaff (chaos)
rCold    . . .     Gourm    .   (shield currently unavailable)
rNeg     . . .     Faith    .   o - +1 animal skin
rPois    .         Spirit   .   p - +1 helmet
rElec    .         Reflect  .   (no cloak)
rCorr    .         Harm     .   (no gloves)
MR       .....                  r - +2 pair of boots
Stlth    ++........             (no amulet)
HPRegen  0.15/turn              f - ring of flight
MPRegen  0.14/turn              l - +6 ring of dexterity

@: brilliant, stab, flying, hasted, very quick
A: high mp 1
a: no special abilities


You were on level 5 of the Dungeon.
You were not hungry.

You visited 2 branches of the dungeon, and saw 6 of its levels.

You collected 248 gold pieces.

Inventory:

Hand Weapons
 k - a +0 spear
 t - a +4 quarterstaff of chaos (weapon)
 u - a +2 mace of holy wrath
Missiles
 b - 87 stones (quivered)
Armour
 o - a +1 animal skin (worn)
 p - a +1 helmet (worn)
 r - a +2 pair of boots (worn)
Jewellery
 f - a ring of flight (left hand)
 l - a +6 ring of dexterity (right hand)
Wands
 s - a wand of random effects (12)
 x - a wand of acid (9)
Scrolls
 a - 3 scrolls of identify {unknown}
 e - a scroll of fear {unknown}
 g - 5 scrolls of teleportation {unknown}
 h - 3 scrolls of remove curse {unknown}
 n - 2 scrolls of noise {unknown}
 q - a scroll of immolation {unknown}
 y - a scroll of amnesia {unknown}
Potions
 i - a potion of curing
 j - 2 potions of stabbing
 m - a potion of flight
 v - a potion of brilliance
Comestibles
 d - 13 rations
 w - 2 chunks of flesh


   Skills:
 - Level 1.7 Dodging
 - Level 1.7 Stealth
 + Level 3.6 Spellcasting
   Level 0.8 Transmutations
 * Level 5.9 Earth Magic


You had 8 spell levels left.
You knew the following spells:

 Your Spells              Type           Power        Failure   Level  Hunger
a - Sandblast             Erth           #####.       1%          1    None
b - Stone Arrow           Conj/Erth      ####..       10%         3    None

Your spell library contained the following spells:

 Spells                   Type           Power        Failure   Level  Hunger
 Passwall                 Tmut/Erth      ####....     4%          2    None
 Petrify                  Tmut/Erth      ####....     26%         4    None
 Lee's Rapid Deconstruct  Erth           #####.....   26%         5    None


Dungeon Overview and Level Annotations

Branches:
Dungeon (5/15)             Temple (1/1) D:4


Innate Abilities, Weirdness & Mutations

You have an increased reservoir of magic. (+10% MP)


Message History

The orc closely misses you.
Unknown command.
Unknown command.
It was a potion of flight.
You feel very buoyant.
You fly up into the air.
The orc closely misses you.
The orc priest calls down the wrath of Beogh upon you.
Pain shoots through your body!
* * * LOW HITPOINT WARNING * * *
The orc splashes around in the water.
Unknown command.
It was a potion of curing.
You feel better. The orc closely misses you.
The orc priest calls down the wrath of Beogh upon you.
Beogh smites you!
* * * LOW HITPOINT WARNING * * *
The orc closely misses you.
Unknown command.
Unknown command.
It was a potion of haste.
You feel yourself speed up. The orc hits you.
You die...

≈♣♣♣≈≈
≈≈≈≈≈
≈... ≈≈≈
♣≈≈ ♣≈.
.≈♣♣♣≈.##
≈≈≈≈≈≈o@#
...≈≈ooo#
..o.....#
#########


You could see 2 orc priests and 3 orcs.

Vanquished Creatures
  A scorpion (D:4)
  Crazy Yiuf (D:3)
  3 orc priests
  3 orc wizards (D:3)
  Robin (D:2)
  3 adders
  2 oozes
  An adder skeleton (D:4)
  An adder zombie (D:5)
  3 worms
  A dart slug (D:3)
  5 leopard geckos
  15 orcs
  7 giant cockroaches
  18 goblins
  3 hobgoblins
  16 jackals
  6 kobolds
  A quokka (D:3)
  A ball python (D:2)
  10 bats
  2 frilled lizards (D:1)
  4 rats
108 creatures vanquished.

Notes
Turn   | Place    | Note
-------+----------+-------------------------------------------
     0 | D:1      | Johnny the Demigod Earth Elementalist began the quest for
                  | the Orb.
     0 | D:1      | Reached XP level 1. HP: 14/14 MP: 5/5
   242 | D:1      | Reached skill level 3 in Earth Magic
   532 | D:1      | Reached XP level 2. HP: 20/20 MP: 5/7
  1491 | D:2      | Reached XP level 3. HP: 25/26 MP: 1/9
  2148 | D:2      | Noticed Robin
  2150 | D:2      | Reached skill level 4 in Earth Magic
  2177 | D:2      | Killed Robin
  2177 | D:2      | Reached XP level 4. HP: 10/33 MP: 0/10
  2652 | D:3      | Learned a level 3 spell: Stone Arrow
  2678 | D:3      | Found a hazy altar of Hepliaklqana.
  2701 | D:3      | Found a white marble altar of Elyvilon.
  2703 | D:3      | Found a burning altar of Makhleb.
  2904 | D:3      | Reached XP level 5. HP: 37/38 MP: 4/12
  3053 | D:3      | Found a runed translucent door.
  3054 | D:3      | Noticed Crazy Yiuf
  3385 | D:3      | Found an ornate altar of the Wu Jian Council.
  3391 | D:3      | Reached skill level 5 in Earth Magic
  3910 | D:3      | Killed Crazy Yiuf
  4261 | D:4      | Reached XP level 6. HP: 30/45 MP: 9/14
  4421 | D:4      | Found a glowing silver altar of Zin.
  4423 | D:4      | Found a shimmering altar of Xom.
  4423 | D:4      | Found a glowing golden altar of the Shining One.
  4423 | D:4      | Found a sacrificial altar of Ru.
  4439 | D:4      | Found a blossoming altar of Fedhas.
  4551 | D:4      | Found a staircase to the Ecumenical Temple.
  4865 | Temple   | Entered the Ecumenical Temple
  4901 | D:5      | Entered Level 5 of the Dungeon
  4997 | D:5      | HP: 1/45 [orc priest/divine providence (13)]
  4998 | D:5      | Slain by an orc

Illustrated notes

Levels and vault maps discovered:
D:1:      matt_arrival_refuge, layout_loops_ring
D:2:      layout_rooms, minmay_misc_feat_hallway, uniq_robin
D:3:      layout_basic, old_standard_altar,
          chequers_temple_overflow_statue_of_worship, lemuel_round_altar,
          dk_noncrumbling_4, uniq_crazy_yiuf_cottage
D:4:      layout_loops_corners, grunt_temple_overflow_open,
          minmay_temple_entry_drinking_statues, first_ration
D:5:      layout_cave_pools, kennysheep_boxes, uniq_edmund, uniq_menkaure
Temple:   eino_temple_lava

Skill      XL: |  1  2  3  4  5 |
---------------+----------------+-----
Spellcasting   | 2 3 |  3.6
Earth Magic    | 3 4 5 |  5.9
Dodging        | |  1.7
Stealth        | |  1.7
Transmutations | |  0.8

Action                   |  1- 3 |  4- 6 || total
-------------------------+-------+-------++-------
Melee: Unarmed           |    66 |       ||    66
       Spear             |    23 |    77 ||   100
       Quarterstaff      |       |    31 ||    31
 Cast: Sandblast         |    66 |    49 ||   115
  Use: Potion            |       |     5 ||     5
 Stab: Sleeping          |     2 |     7 ||     9
       Petrified         |       |     1 ||     1
  Eat: Chunk             |     4 |     9 ||    13
Armor: Robe              |    25 |       ||    25
       Animal skin       |       |    45 ||    45
Dodge: Dodged            |    83 |    99 ||   182
